 Dungeon Sprint DCSS version 0.31-a0-43-g46d131a48f (webtiles) character file.

Game seed: 2488077235143051698

5100000 bmack86 the Conqueror (level 23, -29/240 HPs)
             Began as a Yellow Draconian Fire Elementalist on May 19, 2023.
             Was the Champion of Makhleb.
             Annihilated by The Servant
             ... wielding a +9 glaive of flaming
              (46 damage)
             ... in the Dungeon (Sprint VIII: "Arena of Blood").
             The game lasted 00:04:58 (51 turns).

bmack86 the Conqueror (DrFE)                          Turns: 51, Time: 00:04:59

Health: -29/240    AC: 11    Str: 20    XL:     23   Next: 3%
Magic:  10/50      EV: 23    Int: 16    God:    Makhleb [******]
Gold:   0          SH:  0    Dex: 13    Spells: 67/68 levels left

rFire   . . .        g - +∞ Axe of Woe
rCold   . . .        (shield currently unavailable)
rNeg    . . .        (body armour unavailable)
rPois   .            (helmet restricted)
rElec   .            (no cloak)
rCorr   +            (no gloves)
SInv    .            (no boots)
Will    +....        (no amulet)
Stlth   +++++++++    (no ring)
HPRegen 0.60/turn    (no ring)
MPRegen 0.32/turn

%: no teleportation
@: hasted, very quick
A: spit acid, AC +11, unfitting armour, acidic bite, cold-blooded, acid
resistance
a: Breathe Acid, Renounce Religion, Minor Destruction, Lesser Servant of
Makhleb, Major Destruction, Greater Servant of Makhleb


You were in the Dungeon.
You worshipped Makhleb.
Makhleb was exalted by your worship.
You visited 1 branch

Inventory:

Hand Weapons
 g - the +∞ Axe of Woe (weapon)
   (You found it in the Dungeon)
Potions
 a - 3 potions of magic
 b - a potion of curing
 e - a potion of berserk rage


   Skills:
 O Level 27 Fighting
 + Level 13.6(16.0) Short Blades
 + Level 13.6(15.9) Long Blades
 O Level 27 Axes
 + Level 25.1(27) Maces & Flails
 + Level 25.1(27) Polearms
 + Level 12.5 Ranged Weapons
 + Level 12.3 Throwing
 + Level 23.3 Dodging
 + Level 25.2 Stealth
 + Level 13.5 Shields
 + Level 25.1 Unarmed Combat
 + Level 23.4 Spellcasting
 + Level 25.2 Conjurations
 + Level 12.5 Hexes
 + Level 13.6 Summonings
 + Level 13.5 Necromancy
 + Level 13.6 Translocations
 + Level 13.3 Transmutations
 O Level 27 Fire Magic
 + Level 13.5 Ice Magic
 + Level 13.5 Air Magic
 + Level 13.4 Earth Magic
 + Level 13.5 Poison Magic
 O Level 27 Invocations
 + Level 13.6 Evocations


You had 67 spell levels left.
You knew the following spells:

 Your Spells              Type           Power      Damage    Failure   Level
a - Foxfire               Conj/Fire      100%       2x1d9     0%          1

Your spell library contained the following spells:

 Spells                   Type           Power      Damage    Failure   Level
 Scorch                   Fire           100%       2d9       0%          2
 Inner Flame              Hex/Fire       70%        N/A       0%          3
 Volatile Blastmotes      Fire/Tloc      100%       2d18      0%          3
 Flame Wave               Conj/Fire      80%        2d17      0%          4


Dungeon Overview and Level Annotations

Branches:
Dungeon (1/1)

Altars:
Makhleb

Annotations:
D The Servant


Innate Abilities, Weirdness & Mutations

You can spit globs of acid.
Your golden yellow scales are hard. (AC +11)
You cannot fit into any form of body armour.
You have acidic saliva.
You are cold-blooded and may be slowed by cold attacks.
You are resistant to acid. (rCorr)


Message History

You dissect the bag of meat like a pig carcass.
You kill the bag of meat!
Makhleb accepts your kill.
You feel better.
You cut the destroyer into ribbons!!!
You hew the destroyer savagely.
You destroy the destroyer!
Makhleb accepts your kill.
You feel better.
You are engulfed in blazing flames.
A meat berserker comes into view. It is wielding a +9 battleaxe.
You hear a shout! x2
The Servant hits you from afar with a +9 glaive of flaming!!!!
* * * LOW HITPOINT WARNING * * *
The Servant burns you!!!
* * * LOW HITPOINT WARNING * * *
An eight-headed meat hydra comes into view.
Your base Long Blades skill increases to level 13!
Your base Maces & Flails skill increases to level 25!
Your base Polearms skill increases to level 25!
Your Ranged Weapons skill increases to level 12!
Your Throwing skill increases to level 12!
Your Stealth skill increases to level 25!
Your Shields skill increases to level 13!
Your Unarmed Combat skill increases to level 25!
Your Conjurations skill increases to level 25!
Your Hexes skill increases to level 12!
Your Summonings skill increases to level 13!
Your Necromancy skill increases to level 13!
Your Translocations skill increases to level 13!
Your Transmutations skill increases to level 13!
Your Ice Magic skill increases to level 13!
Your Air Magic skill increases to level 13!
Your Earth Magic skill increases to level 13!
Your Poison Magic skill increases to level 13!
You have reached level 23!
Okay, then.
You feel much better.
You are engulfed in blazing flames.
* * * LOW HITPOINT WARNING * * *
You hear a shout! x9
The Servant hits you from afar with a +9 glaive of flaming!!!
You die...

#### ####
##.... .=.
...... ..
......##.##.###
.O.....§O.....D
###...)@##.##..
....o.§§§......
....z.o@V.#.#..
....V..oz......
#...§..........
.#.............
.......○§§.....
......))V......
.....#)°§○...#.


You could see The Servant, an eight-headed meat hydra, 3 destroyers, 2 sculptors
of flesh, 2 meat berserkers and 3 bags of meat.

Vanquished Creatures
  3 vampire knights (D)
  18 ogres (D)
  7 two-headed ogres (D)
  32 orcs (D)
60 creatures vanquished.

Vanquished Creatures (others)
  2 foxfires (D)
2 creatures vanquished.

Grand Total: 62 creatures vanquished

Notes
Turn   | Place    | Note
-------+----------+-------------------------------------------
     0 | D        | Found the +∞ Axe of Woe
     0 | D        | bmack86 the Draconian Fire Elementalist began the quest for
                  | the Orb.
     0 | D        | Reached XP level 1. HP: 14/14 MP: 3/3
     3 | D        | Became a worshipper of Makhleb the Destroyer
     4 | D        | Noticed a meat berserker
     4 | D        | Noticed a bag of meat
     5 | D        | Noticed a bag of meat
     6 | D        | Killed a meat berserker
     6 | D        | Noticed a bag of meat
     7 | D        | Reached skill level 15 in Axes
     7 | D        | Reached skill level 15 in Fire Magic
     7 | D        | Reached XP level 2. HP: 50/50 MP: 3/11
     7 | D        | Reached XP level 3. HP: 57/57 MP: 3/12
     7 | D        | Reached XP level 4. HP: 64/64 MP: 3/14
     7 | D        | Reached XP level 5. HP: 71/71 MP: 3/15
     7 | D        | Reached XP level 6. HP: 80/80 MP: 3/17
     7 | D        | Your scales start taking on a golden yellow colour.
     7 | D        | Reached XP level 7. HP: 86/86 MP: 3/18
     7 | D        | Gained mutation: You are resistant to acid. (rCorr) [Yellow
                  | Draconian growth]
     7 | D        | Reached XP level 8. HP: 94/94 MP: 3/20
     7 | D        | Reached XP level 9. HP: 101/101 MP: 3/21
     7 | D        | Reached XP level 10. HP: 108/108 MP: 3/22
     7 | D        | Reached XP level 11. HP: 115/115 MP: 3/23
     8 | D        | Noticed a bag of meat
     8 | D        | Noticed a meat berserker
     9 | D        | Noticed a bag of meat
     9 | D        | Noticed a meat berserker
     9 | D        | Noticed a bag of meat
    10 | D        | Noticed a bag of meat
    10 | D        | Noticed a bag of meat
    11 | D        | Noticed a meat berserker
    12 | D        | Killed a bag of meat
    12 | D        | Reached * piety under Makhleb
    12 | D        | Killed a bag of meat
    12 | D        | Noticed a bag of meat
    12 | D        | Noticed a bag of meat
    13 | D        | Reached XP level 12. HP: 130/130 MP: 4/25
    13 | D        | Reached XP level 13. HP: 137/137 MP: 4/26
    13 | D        | Killed a meat berserker
    13 | D        | Killed a bag of meat
    13 | D        | Reached ** piety under Makhleb
    13 | D        | Noticed a meat berserker
    13 | D        | Noticed a meat berserker
    14 | D        | Gained mutation: You have acidic saliva. [Yellow Draconian
                  | growth]
    14 | D        | Reached XP level 14. HP: 151/151 MP: 4/28
    14 | D        | Killed a meat berserker
    14 | D        | Noticed a bag of meat
    15 | D        | Killed a bag of meat
    15 | D        | Killed a bag of meat
    15 | D        | Reached *** piety under Makhleb
    16 | D        | Reached XP level 15. HP: 166/166 MP: 4/30
    16 | D        | Noticed a meat berserker
    17 | D        | Killed a meat berserker
    17 | D        | Noticed a meat berserker
    18 | D        | Killed a meat berserker
    18 | D        | Reached **** piety under Makhleb
    18 | D        | Noticed a large bag of meat
    19 | D        | Reached skill level 27 in Fighting
    19 | D        | Reached skill level 27 in Invocations
    19 | D        | Reached XP level 16. HP: 178/183 MP: 5/33
    19 | D        | Killed a meat berserker
    20 | D        | Reached skill level 27 in Axes
    20 | D        | Reached skill level 27 in Fire Magic
    20 | D        | Reached ***** piety under Makhleb
    21 | D        | Noticed a large bag of meat
    21 | D        | Noticed a meat berserker
    22 | D        | Killed a meat berserker
    23 | D        | Reached XP level 17. HP: 160/191 MP: 5/34
    23 | D        | Noticed a large bag of meat
    24 | D        | Reached skill level 10 in Stealth
    24 | D        | Reached skill level 10 in Conjurations
    24 | D        | Noticed a destroyer
    25 | D        | Reached skill level 10 in Maces & Flails
    25 | D        | Reached skill level 10 in Polearms
    25 | D        | Reached skill level 10 in Dodging
    25 | D        | Reached skill level 10 in Unarmed Combat
    25 | D        | Reached skill level 10 in Spellcasting
    25 | D        | Killed a meat berserker
    25 | D        | Noticed a meat berserker
    25 | D        | Noticed a destroyer
    25 | D        | Noticed a meat berserker
    26 | D        | Noticed a large bag of meat
    26 | D        | Noticed a meat berserker
    26 | D        | Noticed a meat berserker
    26 | D        | Noticed a large bag of meat
    27 | D        | Killed a large bag of meat
    27 | D        | Reached ****** piety under Makhleb
    27 | D        | Noticed a large bag of meat
    28 | D        | Reached skill level 15 in Stealth
    28 | D        | Reached skill level 15 in Conjurations
    28 | D        | Reached XP level 18. HP: 164/200 MP: 6/35
    28 | D        | Killed a meat berserker
    29 | D        | Reached skill level 15 in Maces & Flails
    29 | D        | Reached skill level 15 in Polearms
    29 | D        | Reached skill level 15 in Unarmed Combat
    29 | D        | Killed a destroyer
    29 | D        | Noticed a meat berserker
    30 | D        | Reached XP level 19. HP: 196/207 MP: 7/39
    30 | D        | Killed a large bag of meat
    30 | D        | Noticed The Servant
    31 | D        | Killed a large bag of meat
    32 | D        | Killed a meat berserker
    32 | D        | Killed a meat berserker
    32 | D        | Killed a meat berserker
    32 | D        | Noticed a meat berserker
    33 | D        | Reached XP level 20. HP: 213/216 MP: 7/44
    33 | D        | Noticed a meat berserker
    34 | D        | Killed a destroyer
    34 | D        | Killed a meat berserker
    35 | D        | Reached skill level 5 in Short Blades
    35 | D        | Reached skill level 5 in Long Blades
    35 | D        | Reached skill level 5 in Shields
    35 | D        | Reached skill level 5 in Summonings
    35 | D        | Reached skill level 5 in Necromancy
    35 | D        | Reached skill level 5 in Translocations
    35 | D        | Reached skill level 5 in Transmutations
    35 | D        | Reached skill level 5 in Ice Magic
    35 | D        | Reached skill level 5 in Air Magic
    35 | D        | Reached skill level 5 in Earth Magic
    35 | D        | Reached skill level 5 in Poison Magic
    35 | D        | Reached skill level 5 in Evocations
    35 | D        | Killed a large bag of meat
    35 | D        | Noticed an eight-headed meat hydra
    36 | D        | Reached skill level 5 in Ranged Weapons
    36 | D        | Reached skill level 5 in Throwing
    36 | D        | Reached XP level 21. HP: 196/224 MP: 7/46
    37 | D        | Killed a large bag of meat
    37 | D        | Killed a large bag of meat
    40 | D        | Reached skill level 10 in Short Blades
    40 | D        | Reached skill level 10 in Long Blades
    40 | D        | Reached skill level 10 in Shields
    40 | D        | Reached skill level 10 in Summonings
    40 | D        | Reached skill level 10 in Necromancy
    40 | D        | Reached skill level 10 in Translocations
    40 | D        | Reached skill level 10 in Ice Magic
    40 | D        | Reached skill level 10 in Air Magic
    40 | D        | Reached skill level 10 in Earth Magic
    40 | D        | Reached skill level 10 in Poison Magic
    40 | D        | Reached skill level 10 in Evocations
    41 | D        | Reached skill level 10 in Ranged Weapons
    41 | D        | Reached skill level 10 in Throwing
    41 | D        | Reached skill level 10 in Hexes
    41 | D        | Reached skill level 10 in Transmutations
    41 | D        | Reached XP level 22. HP: 146/233 MP: 8/48
    41 | D        | Noticed a destroyer
    41 | D        | Noticed a destroyer
    41 | D        | Noticed a destroyer
    41 | D        | Noticed a destroyer
    42 | D        | Noticed a destroyer
    42 | D        | Noticed a large bag of meat
    46 | D        | Killed a large bag of meat
    46 | D        | Noticed a destroyer
    50 | D        | Killed a destroyer
    50 | D        | HP: 10/233 [The Servant/+9 glaive of flaming (48)]
    51 | D        | Reached XP level 23. HP: 10/240 MP: 10/50
    51 | D        | Annihilated by The Servant

Illustrated notes

Levels and vault maps discovered:
D:        meatsprint

Skill      XL: |  1  2  3  4  5  6  7  8  9 10 11 12 13 14 15 16 17 18 19 20 21 22 |
---------------+-------------------------------------------------------------------+-----
Fighting       | 16 19 21 23 27 | 27.0
Axes           | 15 17 19 22 25 27 | 27.0
Fire Magic     | 15 17 20 22 25 27 | 27.0
Invocations    | 16 19 21 23 27 | 27.0
Maces & Flails | 9 14 17 22 24 25 | 25.1
Polearms       | 9 14 17 22 24 25 | 25.1
Dodging        | 8 13 16 20 21 22 23 | 23.3
Stealth        | 9 15 17 22 24 25 | 25.2
Unarmed Combat | 9 14 17 22 24 25 | 25.1
Spellcasting   | 8 13 16 20 21 22 23 | 23.4
Conjurations   | 9 15 17 22 24 25 | 25.2
Short Blades   | 6 11 13 | 13.6
Long Blades    | 6 11 13 | 13.6
Ranged Weapons | 5 10 12 | 12.5
Throwing       | 5 10 12 | 12.3
Shields        | 6 11 13 | 13.5
Hexes          | 6 10 12 | 12.5
Summonings     | 6 11 13 | 13.6
Necromancy     | 6 11 13 | 13.5
Translocations | 6 11 13 | 13.6
Transmutations | 6 10 13 | 13.3
Ice Magic      | 6 11 13 | 13.5
Air Magic      | 6 11 13 | 13.5
Earth Magic    | 6 11 13 | 13.4
Poison Magic   | 6 11 13 | 13.5
Evocations     | 6 11 13 | 13.6

Action                     |  1- 3 |  4- 6 |  7- 9 | 10-12 | 13-15 | 16-18 | 19-21 | 22-24 || total
---------------------------+-------+-------+-------+-------+-------+-------+-------+-------++-------
  Melee: Executioner's axe |     1 |       |       |     1 |     5 |    10 |    10 |     6 ||    33
   Cast: Foxfire           |       |       |       |       |       |       |     1 |       ||     1
    Use: Potion            |       |       |       |       |       |       |       |     2 ||     2
         Scroll            |       |       |       |       |       |       |       |     1 ||     1
 Armour: Skin              |       |       |       |       |       |       |     1 |       ||     1
  Dodge: Dodged            |       |       |       |       |       |       |       |     1 ||     1

Table legend: (Time is in decaauts)
 A = Elapsed time spent in this place.
 B = Non-inter-level travel time spent in this place.
 C = Inter-level travel time spent in this place.
 D = Time resting spent in this place.
 E = Time spent auto-exploring this place.
 F = Levels seen in this place.
 G = Mean time per level.
                   A        B        C        D        E       F      G
               +--------+--------+--------+--------+--------+-----+--------+
         Total |     41 |     41 |      0 |      0 |      0 |   1 |   41.0 |
       Dungeon |     41 |     41 |      0 |      0 |      0 |   1 |   41.0 |
               +--------+--------+--------+--------+--------+-----+--------+

Top non-repeatable levels by time:
       D: 41 daAuts
